 Dungeon Crawl Stone Soup version 0.30-a0-760-g5a9884bb7c (webtiles) character file.

Game seed: 8151768253393108096

561 jimonade the Cudgeller (level 7, 0/70 HPs)
             Began as an Ogre Warper on Feb 11, 2023.
             Killed from afar by an orc wizard (3 damage)
             ... with a magic dart
             ... on level 4 of the Dungeon on Feb 12, 2023.
             The game lasted 00:11:08 (4746 turns).

jimonade the Cudgeller (Ogre Warper)                Turns: 4746, Time: 00:11:08

Health: 0/70       AC:  3    Str: 16    XL:     7   Next: 31%
Magic:  10/10      EV: 10    Int: 14    God:
Gold:   220        SH:  0    Dex: 10    Spells: 10/10 levels left

rFire   . . .      SeeInvis .    a - +1 giant spiked club
rCold   + . .      Faith    .    (shield currently unavailable)
rNeg    . . .      Spirit   .    i - +0 robe
rPois   .          Reflect  .    (helmet restricted)
rElec   .          Harm     .    (no cloak)
rCorr   .          Rampage  .    (gloves unavailable)
Will    .....                    (boots unavailable)
Stlth   +                        (no amulet)
HPRegen 0.31/turn                w - ring of protection from cold
MPRegen 0.12/turn                (no ring)

@: no status effects
A: large, unfitting armour, tough skin 1
a: no special abilities


You were on level 4 of the Dungeon.
You visited 1 branch of the dungeon, and saw 5 of its levels.

You collected 220 gold pieces.

Inventory:

Hand Weapons
 a - a +1 giant spiked club (weapon)
 b - a +0 sling
 f - a +0 mace
 g - a +0 whip
 n - a +0 dagger of venom
 r - a +2 dagger of freezing
Missiles
 j - 2 javelins
 k - 35 stones (quivered)
 G - a poisoned dart
 H - 2 curare-tipped darts
Armour
 i - a +0 robe (worn)
Magical Staves
 C - a staff of air
Jewellery
 w - a ring of protection from cold (left hand)
 B - an amulet of faith
 D - a ring of protection from cold
 I - a ring of positive energy
Scrolls
 c - 2 scrolls of blinking
 d - a scroll of identify {unknown}
 e - a scroll of immolation
 h - 2 scrolls of torment
 l - a scroll of teleportation {unknown}
 m - 2 scrolls of fear
 o - a scroll of enchant weapon
 p - a scroll of enchant armour {unknown}
 x - a scroll of vulnerability {unknown}
 y - a scroll of noise {unknown}
 F - a scroll of magic mapping {unknown}
Potions
 q - 2 potions of attraction {unknown}
 s - a potion of curing {unknown}
 t - a potion of cancellation {unknown}
 u - a potion of heal wounds {unknown}
 v - 2 potions of might {unknown}
 z - 2 potions of lignification {unknown}
 A - a potion of brilliance {unknown}
 E - a potion of haste {unknown}


   Skills:
 + Level 4.2 Fighting
 * Level 5.5 Maces & Flails
 + Level 2.5 Throwing
 + Level 3.4 Dodging
 + Level 0.6 Stealth
 - Level 2.4 Spellcasting
 - Level 2.6 Translocations


You had 10 spell levels left.
You didn't know any spells.
Your spell library contained the following spells:

 Spells                   Type           Power      Damage    Failure   Level
 Apportation              Tloc           18%        N/A       8%          1
 Blink                    Tloc           18%        N/A       12%         2
 Lesser Beckoning         Tloc           18%        N/A       12%         2
 Magic Dart               Conj           4%         1d3       22%         1
 Necrotise                Necr           4%         1d4       22%         1
 Summon Small Mammal      Summ           4%         N/A       22%         1
 Teleport Other           Tloc           9%         N/A       22%         3
 Searing Ray              Conj           2%         2d4       34%         2
 Vhi's Electric Charge    Tloc/Air       10%        N/A       36%         3
 Manifold Assault         Tloc           9%         N/A       58%         4
 Fulminant Prism          Conj/Hex       0%         3d5       92%         4


Dungeon Overview and Level Annotations

Branches:
Dungeon (5/15)
 Temple: D:4-7

Altars:

Shops:
D:3 :


Innate Abilities, Weirdness & Mutations

You are too large for most types of armour.
You have tough skin. (AC +1)


Message History

You puncture the orc!
You kill the orc!
Things that are here:
a +0 heavy hand axe; a +0 scale mail
I - a ring of positive energy An orc priest comes into view.
It is wielding a +0 hand axe.
There are no items here.
An orc wizard comes into view. It is wielding a +0 dagger.
The orc wizard shouts!
You hear a shout!
The orc priest shouts!
An orc comes into view. It is wielding a +0 dagger.
Things that are here:
a +0 heavy hand axe; a +0 scale mail The orc wizard hits you but does no damage.
The orc priest casts a cantrip, but nothing happens.
There is a stone staircase leading up here.
The orc wizard hits you with a +0 dagger.
* * * LOW HITPOINT WARNING * * *
You climb upwards.
There is a stone staircase leading down here.
You hit the orc wizard.
The orc wizard is moderately wounded.
The orc wizard hits you with a +0 dagger.
* * * LOW HITPOINT WARNING * * *
The orc wizard hits you with a +0 dagger.
* * * LOW HITPOINT WARNING * * *
You miss the orc wizard.
The orc wizard is moderately wounded.
The orc wizard hits you but does no damage.
You barely miss the orc wizard.
The orc wizard is moderately wounded.
The orc wizard points at you and mumbles some strange words.
You easily resist.
The orc wizard closely misses you.
You barely miss the orc wizard.
The orc wizard is moderately wounded.
The orc wizard barely misses you.
You closely miss the orc wizard.
The orc wizard is moderately wounded.
The orc wizard gestures at you while chanting.
The magic dart hits you.
You die...

.....###.......#
.....#.#.....### ###
.#.....##...## ##.#
.#.........######..## ###
##............#...<.####.##
................).....##..#
......####................##
###.................#......#
###.............@...#......#
...............o...........#
##.##..........#.........###
...........##.......##<..###
.#.........#......#.##.....##
###.......>.......#..##.....##
##......#...........##......#
##.......#...#....##........##
.......#..)..##....#.........##


You could see an orc wizard.

Vanquished Creatures
  An ogre (D:3)
  2 phantoms
  2 scorpions (D:4)
  A jelly (D:4)
  An iguana (D:4)
  4 gnolls
  4 adders
  3 worms (D:2)
  3 dart slugs
  2 orcs
  5 ball pythons
  9 bats
  9 endoplasms
  3 giant cockroaches
  5 goblins
  A hobgoblin (D:4)
  2 jackals
  3 quokkas
  2 frilled lizards
  13 kobolds
  5 rats
80 creatures vanquished.

Vanquished Creatures (others)
  2 plants (D:5)
2 creatures vanquished.

Grand Total: 82 creatures vanquished

Notes
Turn   | Place    | Note
-------+----------+-------------------------------------------
     0 | D:1      | jimonade the Ogre Warper began the quest for the Orb.
     0 | D:1      | Reached XP level 1. HP: 22/22 MP: 3/3
    85 | D:1      | Reached skill level 2 in Maces & Flails
   195 | D:1      | Reached XP level 2. HP: 28/29 MP: 5/5
  1029 | D:2      | Reached XP level 3. HP: 31/36 MP: 6/6
  1539 | D:2      | Reached skill level 3 in Maces & Flails
  2160 | D:3      | Reached XP level 4. HP: 45/45 MP: 7/7
  2814 | D:3      | Found Kavvur's Book Shop.
  2862 | D:3      | Reached XP level 5. HP: 40/53 MP: 8/8
  3001 | D:3      | Noticed an ogre
  3011 | D:3      | Killed an ogre
  3012 | D:3      | Reached skill level 4 in Maces & Flails
  3353 | D:3      | Reached XP level 6. HP: 62/62 MP: 9/9
  3946 | D:4      | Reached skill level 5 in Maces & Flails
  4101 | D:4      | Reached XP level 7. HP: 12/70 MP: 10/10
  4675 | D:5      | Entered Level 5 of the Dungeon
  4742 | D:4      | HP: 1/70 [orc wizard/+0 dagger (3)]
  4746 | D:4      | Killed from afar by an orc wizard

Illustrated notes

Levels and vault maps discovered:
D:1:      lightli_arrival_noodles, layout_basic, minmay_unequal
D:2:      layout_loops_corners, minmay_hedge_maze
D:3:      layout_loops_ring, serial_shops,
          nicolae_shop_temple_entry_statues_fountains
D:4:      layout_cave_pools
D:5:      layout_rooms, cheibrodos_sewer_entry_bend, serial_bayou,
          serial_bayou_pond_d, serial_bayou_pond_b, serial_bayou_shore_b,
          serial_bayou_pond_c, nicolae_shop_gadgets

Skill      XL: |  1  2  3  4  5  6 |
---------------+-------------------+-----
Maces & Flails | 2 3 4 5 |  5.5
Fighting       | 3 4 |  4.2
Dodging        | 3 |  3.4
Throwing       | 2 |  2.5
Stealth        | |  0.6
Spellcasting   | |  2.4
Translocations | |  2.6

Action                     |  1- 3 |  4- 6 |  7- 9 || total
---------------------------+-------+-------+-------++-------
  Melee: Mace              |    25 |       |       ||    25
         Whip              |   149 |    87 |       ||   236
         Giant spiked club |       |    86 |    69 ||   155
  Throw: Boomerang         |       |     7 |       ||     7
         Dart              |       |    14 |       ||    14
         Javelin           |       |     7 |       ||     7
         Stone             |       |       |     7 ||     7
    Use: Scroll            |       |     2 |     2 ||     4
   Stab: Sleeping          |     1 |       |       ||     1
 Armour: Robe              |    60 |    50 |    24 ||   134
  Dodge: Dodged            |    78 |   124 |    39 ||   241

Table legend: (Time is in decaauts)
 A = Elapsed time spent in this place.
 B = Non-inter-level travel time spent in this place.
 C = Inter-level travel time spent in this place.
 D = Time resting spent in this place.
 E = Time spent auto-exploring this place.
 F = Levels seen in this place.
 G = Mean time per level.
                   A        B        C        D        E       F      G
               +--------+--------+--------+--------+--------+-----+--------+
         Total |   4830 |   4617 |    213 |    552 |   3002 |   5 |  966.0 |
       Dungeon |   4830 |   4617 |    213 |    552 |   3002 |   5 |  966.0 |
               +--------+--------+--------+--------+--------+-----+--------+

Top non-repeatable levels by time:
     D:2: 1477 daAuts
     D:3: 1428 daAuts
     D:4: 948 daAuts
     D:1: 895 daAuts
     D:5: 80 daAuts
